 Dungeon Crawl Stone Soup version 0.17-a0-1738-g82cdc46 (webtiles) character file.

3422 poirepourri the Destroyer (level 9, -4/68 HPs)
             Began as a Black Draconian Conjurer on Aug 30, 2015.
             Was a Follower of Vehumet.
             Slain by Erica
             ... wielding a +2 scimitar of flaming
              (6 damage)
             ... on level 8 of the Dungeon.
             The game lasted 00:35:04 (12286 turns).

poirepourri the Destroyer (DrCj)                   Turns: 12286, Time: 00:35:05

Health: -4/68      AC:  9    Str: 13    XL:     9   Next: 76%
Magic:  11/20      EV: 15    Int: 19    God:    Vehumet [*.....]
Gold:   437        SH:  0    Dex: 12    Spells: 8 memorised, 1 level left

rFire  . . .     SeeInvis .     c - +0 short sword (elec)
rCold  . . .     Clarity  .     (armour unavailable)
rNeg   . . .     SustAt   .     (no shield)
rPois  +         Gourm    .     (helmet restricted)
rElec  +         Spirit   .     (no cloak)
rCorr  .         Warding  .     (no gloves)
rMut   +         Stasis   .     s - +1 pair of boots
MR     .....                    d - amulet of resist mutation
Stlth  +.........               z - ring of poison resistance
                                u - +3 ring of strength

@: confused, slowed, very slow, not resistant to hostile enchantments, very
unstealthy
A: breathe lightning, unfitting armour, electricity resistance, cold-blooded, AC
+7
a: Breathe Lightning, Renounce Religion


You were on level 8 of the Dungeon.
You worshipped Vehumet.
Vehumet was aware of your devotion.
You were not hungry.

You visited 1 branch of the dungeon, and saw 8 of its levels.

You collected 437 gold pieces.

Inventory:

Hand weapons
 c - a +0 short sword of electrocution (weapon)
 f - a +0 short sword
Armour
 s - a +1 pair of boots (worn)
Jewellery
 d - an amulet of resist mutation (around neck)
 i - an uncursed ring of see invisible
 j - an uncursed ring of ice
 k - an uncursed amulet of rage
 u - a +3 ring of strength (left hand)
 w - an uncursed amulet of warding
 z - a ring of poison resistance (right hand)
Magical devices
 l - a wand of slowing (17)
 m - a wand of magic darts (13)
 n - a wand of paralysis (13)
Scrolls
 b - 4 scrolls of magic mapping
 h - 5 scrolls of remove curse
 q - a scroll of teleportation
 t - a scroll of enchant armour
 y - a scroll of fog
Potions
 e - 2 potions of mutation
 o - a potion of flight
Books
 a - a book of Conjurations

   Spells                             Type                      Level
   a - Magic Dart                     Conjuration                  1
   b - Searing Ray                    Conjuration                  2
   c - Dazzling Spray                 Conjuration/Hexes            3
   d - Fulminant Prism                Conjuration/Hexes            4
   e - Iskenderun's Mystic Blast      Conjuration                  4
   f - Iskenderun's Battlesphere      Conjuration/Charms           5
 r - a book of Transfigurations

   Spells                             Type                      Level
   a - Stoneskin                      Transmutation/Earth          2
   b - Irradiate                      Conjuration/Transmutation    5
   c - Statue Form                    Transmutation/Earth          6
   d - Hydra Form                     Transmutation                6
   e - Dragon Form                    Transmutation                7
Comestibles
 g - 5 bread rations
 p - 2 meat rations


   Skills:
 + Level 2.9 Fighting
 - Level 0.2 Short Blades
 + Level 6.3 Dodging
 + Level 4.1 Stealth
 - Level 0.2 Unarmed Combat
 + Level 7.5 Spellcasting
 + Level 8.9 Conjurations
 - Level 0.3 Hexes
 + Level 0.5 Air Magic


You had one spell level left.
You knew the following spells:

 Your Spells              Type           Power        Failure   Level  Hunger
a - Magic Dart            Conj           ####         1%          1    None
b - Searing Ray           Conj           #####.       1%          2    None
c - Dazzling Spray        Conj/Hex       ###.....     4%          3    #......
d - Fulminant Prism       Conj/Hex       ###.......   14%         4    ###....
e - Iskenderun's Mystic   Conj           #####...     2%          4    ###....
f - Iskenderun's Battles  Conj/Chrm      ###.....     50%         5    #####..
g - Stoneskin             Trmt/Erth      #.......     17%         2    None
h - Shock                 Conj/Air       ####         1%          1    None


Dungeon Overview and Level Annotations

Branches:
Dungeon (8/15)             Temple (0/1) D:7
   Lair: D:8-11

Altars:
Qazlal
Sif Muna
Vehumet
Xom
Zin
The Shining One

Annotations:
D:8 Erica


Innate Abilities, Weirdness & Mutations

You can breathe wild blasts of lightning.
Your glossy black scales are hard (AC +7).
Your body does not fit into most forms of armour.
You are resistant to electric shocks.
You are cold-blooded and may be slowed by cold attacks.


Message History

Erica is severely wounded.
Erica barely misses you.
The searing ray hits Erica.
Erica is almost dead.
Erica gestures at you while chanting.
You are confused.
Erica barely misses you.
Erica hits you with a scimitar of flaming!
Erica burns you.
Erica casts a spell.
Erica flickers and vanishes!
Something barely misses you. Something hits you!
* * * LOW HITPOINT WARNING * * *
Something burns you.
* * * LOW HITPOINT WARNING * * *
Something hits you!
* * * LOW HITPOINT WARNING * * *
Something burns you.
You die...

#.####..#
#.{.....# #.#
######..# #.#
#..... ..#
#..###.#..# #.@.
###.# ##.##
.#..# .# #.#{#
## #.#@# #.#.##
#####....#
#......#.#
#.###....# #.#
#.#### ##### #.#
#.#
....######.###.#
###............#


There were no monsters in sight!

Vanquished Creatures
  Grinder (D:4)
  Sigmund (D:3)
  A yak (D:8)
  A spriggan (D:7)
  2 hippogriffs
  2 porcupines (D:8)
  A sky beast (D:7)
  A necrophage (D:7)
  2 centaurs
  A big kobold (D:7)
  2 ogres
  A crocodile (D:8)
  2 giant frogs
  A water moccasin zombie (D:3)
  A wyvern skeleton (D:6)
  A scorpion (D:6)
  9 killer bees (D:8)
  A crimson imp (D:7)
  A centaur zombie (D:8)
  2 jellies
  3 hounds
  6 orc priests
  2 giant frog skeletons (D:4)
  2 worker ants (D:6)
  5 orc wizards
  A statue (D:6)
  A hound skeleton (D:5)
  7 gnolls
  3 river rats (D:8)
  8 adders
  2 shadow imps (D:6)
  2 adder zombies
  An adder skeleton (D:4)
  6 worms
  35 orcs
  10 giant cockroaches
  13 hobgoblins
  9 jackals
  8 kobolds
  7 quokkas
  A ball python (D:2)
  7 bats
  5 giant geckos
  A giant gecko zombie (D:5)
  6 giant newts
  8 goblins
  9 rats
202 creatures vanquished.

Vanquished Creatures (others)
  A bush (D:8)
  4 fulminant prisms
  4 plants (D:8)
9 creatures vanquished.

Grand Total: 211 creatures vanquished

Notes
Turn   | Place    | Note
--------------------------------------------------------------
     0 | D:1      | poirepourri the Draconian Conjurer began the quest for the Orb.
     0 | D:1      | Reached XP level 1. HP: 14/14 MP: 3/3
   244 | D:1      | Reached XP level 2. HP: 15/20 MP: 0/5
   663 | D:1      | Learned a level 2 spell: Searing Ray
  1144 | D:2      | Reached XP level 3. HP: 26/26 MP: 0/6
  1225 | D:1      | Learned a level 3 spell: Dazzling Spray
  2358 | D:2      | Reached XP level 4. HP: 30/34 MP: 1/7
  2364 | D:2      | Reached skill level 5 in Conjurations
  2980 | D:3      | Noticed Sigmund
  3015 | D:3      | Killed Sigmund
  3015 | D:3      | Reached skill level 1 in Fighting
  3015 | D:3      | Reached XP level 5. HP: 13/40 MP: 0/9
  3370 | D:3      | Reached XP level 6. HP: 47/47 MP: 5/10
  4384 | D:3      | Learned a level 4 spell: Fulminant Prism
  4860 | D:4      | Found a glowing golden altar of the Shining One.
  5311 | D:4      | Your scales start taking on a glossy black colour.
  5311 | D:4      | Gained mutation: You are resistant to electric shocks. [Black Draconian growth]
  5311 | D:4      | Reached XP level 7. HP: 28/52 MP: 7/12
  5553 | D:4      | Found a stormy altar of Qazlal.
  5575 | D:4      | Noticed Grinder
  5608 | D:4      | Paralysed by Grinder for 5 turns
  5619 | D:4      | Killed Grinder
  5619 | D:4      | Reached skill level 6 in Conjurations
  5713 | D:4      | Found a deep blue altar of Sif Muna.
  6625 | D:4      | Learned a level 4 spell: Iskenderun's Mystic Blast
  6669 | D:4      | Found a glowing silver altar of Zin.
  6811 | D:5      | Entered Level 5 of the Dungeon
  6991 | D:5      | Reached XP level 8. HP: 61/61 MP: 8/14
  7353 | D:5      | Reached skill level 5 in Dodging
  8258 | D:6      | Reached skill level 5 in Spellcasting
  8595 | D:6      | Reached skill level 7 in Conjurations
  9162 | D:6      | Found a radiant altar of Vehumet.
  9183 | D:6      | Became a worshipper of Vehumet
  9640 | D:7      | Found a staircase to the Ecumenical Temple.
  9932 | D:7      | Found a shimmering altar of Xom.
 10226 | D:7      | Reached XP level 9. HP: 34/68 MP: 8/18
 10814 | D:7      | Reached skill level 8 in Conjurations
 11359 | D:8      | Acquired Vehumet's first power
 11359 | D:8      | Offered knowledge of Shock by Vehumet.
 11732 | D:8      | Learned a level 5 spell: Iskenderun's Battlesphere
 11735 | D:8      | Learned a level 2 spell: Stoneskin
 11744 | D:8      | Learned a level 1 spell: Shock
 11963 | D:8      | Noticed Erica
 11986 | D:8      | HP: 2/68 [something (6)]
 12286 | D:8      | HP: 2/68 [something (14)]
 12286 | D:8      | Slain by Erica

Vault maps used:
D:1:      minmay_arrival_up_and_down, bh_walls_and_bars
D:3:      first_bread, uniq_sigmund
D:4:      nicolae_overflow_crystal_walls, kennysheep_little_box,
          lemuel_crystal_altar, lemuel_round_altar, minmay_distorted,
          uniq_grinder
D:5:      grunt_decor_clamped, minmay_misc_feat_hallway
D:6:      vehumet_statue
D:7:      old_standard_altar, minmay_temple_entry_glass, the_bakery,
          minmay_unpleasant_kobolds
D:8:      kennysheep_housing_project, old_standard_altar,
          minmay_lair_entry_grove, moated_statue, uniq_erica

Action                   |  1- 3 |  4- 6 |  7- 9 || total
-------------------------+-------+-------+-------++-------
Melee: Unarmed           |    25 |       |       ||    25
       Short sword       |    13 |    93 |   123 ||   229
 Cast: Magic Dart        |    73 |   125 |   292 ||   490
       Searing Ray       |     4 |     7 |     6 ||    17
       Iskenderun's Myst |       |       |    34 ||    34
       Fulminant Prism   |       |       |     4 ||     4
       Shock             |       |       |    13 ||    13
       Stoneskin         |       |       |     1 ||     1
 Abil: Breathe Lightning |       |       |     1 ||     1
Evoke: Wand              |     2 |    12 |       ||    14
  Use: Scroll            |     9 |     3 |    11 ||    23
       Potion            |     6 |     3 |     4 ||    13
  Eat: Bread ration      |     2 |     1 |     2 ||     5
       Fruit             |       |     1 |     4 ||     5
       Beef jerky        |       |     1 |     1 ||     2
       Meat ration       |       |       |     3 ||     3
       Pizza             |       |       |     1 ||     1
